 Dungeon Crawl Stone Soup version 0.31.0-11-ge490571c62 (webtiles) character file.

Game seed: 13610943035573589136

169 qw the Skirmisher (level 5, -3/29 HPs)
             Began as a Deep Elf Hunter on Feb 3, 2024.
             Slain by an iguana (10 damage)
             ... on level 4 of the Dungeon.
             The game lasted 00:00:10 (2517 turns).

qw the Skirmisher (Deep Elf Hunter)                 Turns: 2517, Time: 00:00:11

Health: -3/29      AC:  9    Str: 10    XL:     5   Next: 25%
Magic:  16/16      EV: 11    Int: 14    God:
Gold:   125        SH:  0    Dex: 18    Spells: 4/4 levels left

rFire   + . .        a - +0 shortbow
rCold   . . .        (shield currently unavailable)
rNeg    . . .        e - +0 ring mail
rPois   .            (no helmet)
rElec   .            f - +0 cloak
rCorr   .            (no gloves)
SInv    +            b - +2 pair of boots
Will    .....        (no amulet)
Stlth   +            l - ring of see invisible
HPRegen 0.24/turn    o - ring "Macoed" {rF+ MP+9}
MPRegen 0.15/turn

%: no passive effects
@: lethally poisoned (-3 -> -11)
A: no striking features
a: no special abilities


You were on level 4 of the Dungeon.
You visited 1 branch of the dungeon, and saw 4 of its levels.

You collected 125 gold pieces.


   Skills:
 - Level 1.5 Fighting
 + Level 8.7 Ranged Weapons
 - Level 2.4 Dodging
 - Level 1.2 Stealth


You had 4 spell levels left.
You didn't know any spells.
Your spell library was empty.

Inventory:

Hand Weapons
 a - a +0 shortbow (weapon)
Armour
 b - a +2 pair of boots (worn)
 e - a +0 ring mail (worn)
 f - a +0 cloak (worn)
Jewellery
 l - a ring of see invisible (left hand)
 o - the ring "Macoed" (right hand) {rF+ MP+9}
   (You found it on level 3 of the Dungeon)

   [ring of protection from fire]

   rF+:       It protects you from fire.
   MP+9:      It affects your magic capacity (+9).
Wands
 j - a wand of mindburst (17)
Scrolls
 n - a scroll of teleportation {unknown}
 p - a scroll of identify
Potions
 c - a potion of resistance
 d - a potion of curing
 g - a potion of cancellation {unknown}
 h - a potion of magic {unknown}
 k - a potion of might
 m - a potion of mutation {unknown}

Dungeon Overview and Level Annotations

Branches:
Dungeon (4/15)
 Temple: D:4-7

Altars:
Makhleb
Ru

Shops:
D:3 (


Message History

The scorpion closely misses you. The goblin closely misses you.
You shoot an arrow. The arrow hits the scorpion.
The scorpion is heavily wounded.
The scorpion stings you but does no damage.
The goblin hits you with a +0 club. The iguana bites you!
The scorpion barely misses you.
You shoot an arrow. The arrow barely misses the scorpion.
The iguana misses you. The goblin misses you. The scorpion stings you.
You shoot an arrow. The arrow hits the scorpion.
The scorpion is heavily wounded.
The iguana bites you! The goblin closely misses you.
The scorpion closely misses you.
2512 ||| DRINKING potion of heal wounds.
You feel much better. The scorpion barely misses you.
The jackal pauses to sniff the ground.
The goblin barely misses you. The iguana bites you.
You shoot an arrow. The arrow closely misses the scorpion.
The scorpion stings you. The goblin hits you but does no damage.
The iguana bites you but does no damage.
The scorpion stings you.
You shoot an arrow. The arrow hits the scorpion.
The scorpion is severely wounded.
The iguana bites you but does no damage.
The goblin completely misses you.
The scorpion stings you but does no damage.
You shoot an arrow.
The arrow completely misses the scorpion.
The goblin closely misses you. The scorpion stings you.
You are poisoned.
The scorpion poisons you! The iguana barely misses you.
You shoot an arrow. The arrow barely misses the scorpion.
You feel very sick.
The scorpion stings you but does no damage.
The goblin closely misses you. The iguana bites you. The scorpion stings you.
You shoot an arrow. The arrow hits the scorpion.
The scorpion is severely wounded.
You feel very sick. The goblin closely misses you. The iguana bites you!
You die...

+.... #....
###''''#############
...................# o.
~~~....~~~~~~~~~~~~#####
~~~....~~~~~~~~~~~~~~~~
~~~...g~~~~~~~~~~~~~~~
.....hl@.............
####.#s##.#..#..#.#.#
............#.#.#
.....#####.#.)....##
#.##.. #.####....### ..
.... ##.####....... #
.#.. ...........### .#..
..######...# .. #..%###


You could see a scorpion, an iguana, a jackal and a goblin.

Vanquished Creatures
  An iguana (D:3)
  Terence (D:3)
  A gnoll (D:4)
  3 adders
  A dart slug (D:4)
  3 orcs
  5 bats
  6 endoplasms
  5 giant cockroaches
  3 goblins
  4 hobgoblins
  8 jackals
  7 quokkas
  8 ball pythons
  3 frilled lizards
  7 kobolds
  4 rats
70 creatures vanquished.

Notes
Turn   | Place    | Note
-------+----------+-------------------------------------------
     0 | D:1      | qw the Deep Elf Hunter began the quest for the Orb.
     0 | D:1      | Reached XP level 1. HP: 12/12 MP: 3/3
     0 | D:1      | 0 ||| qw: Version: 0.3-a-155-g5e7d8dd
     0 | D:1      | 0 ||| qw: Game counter: 3493
     0 | D:1      | 0 ||| qw: Melee chars always use a shield: true
     0 | D:1      | 0 ||| qw: God list: Okawaru
     0 | D:1      | 0 ||| qw: Allow faded altars: false
     0 | D:1      | 0 ||| qw: Do Orc after clearing Dungeon:15 true
     0 | D:1      | 0 ||| qw: Do second Lair branch before Depths: true
     0 | D:1      | 0 ||| qw: Lair rune preference: random
     0 | D:1      | 0 ||| qw: Goals: Normal
     0 | D:1      | 0 ||| PLANNING D:1-11
   313 | D:1      | Reached XP level 2. HP: 16/16 MP: 4/4
   319 | D:1      | Reached skill level 6 in Ranged Weapons
   819 | D:1      | 819 ||| UPGRADING to +0 ring mail.
   829 | D:1      | 829 ||| DROPPING +0 leather armour.
   830 | D:1      | 830 ||| READING scroll labelled DEIQEU FEANERET.
   831 | D:1      | 831 ||| READING scroll labelled PAKHOIBI BEARGHUJEO.
   832 | D:1      | 832 ||| DROPPING scroll of butterflies.
   922 | D:2      | Reached XP level 3. HP: 14/20 MP: 5/5
  1066 | D:2      | Reached skill level 7 in Ranged Weapons
  1530 | D:2      | 1530 ||| UPGRADING to +1 pair of boots.
  1535 | D:2      | 1535 ||| UPGRADING to +0 cloak.
  1540 | D:2      | 1540 ||| READING scroll labelled VINAXZ ONOIFYG.
  1559 | D:3      | Noticed Terence
  1577 | D:3      | Killed Terence
  1578 | D:3      | Reached XP level 4. HP: 9/25 MP: 6/6
  1593 | D:3      | 1593 ||| FLEEEEING.
  1594 | D:3      | 1594 ||| FLEEEEING.
  1691 | D:3      | Found a burning altar of Makhleb.
  1742 | D:3      | Found Yleabbinn's Weapon Shop.
  1749 | D:3      | 1749 ||| SHOPLISTING +0 arbalest of freezing (121 gold,
                  | have 80).
  1822 | D:3      | Found a sacrificial altar of Ru.
  1849 | D:3      | Identified the ring "Macoed" {rF+ MP+9}
  1897 | D:3      | HP: 6/25 [iguana (11)]
  1901 | D:3      | Reached skill level 8 in Ranged Weapons
  2167 | D:3      | Reached XP level 5. HP: 29/29 MP: 7/7
  2192 | D:3      | 2192 ||| UPGRADING to ring of see invisible.
  2193 | D:3      | 2193 ||| UPGRADING to ring "Macoed" {rF+ MP+9}.
  2254 | D:3      | 2254 ||| READING scroll labelled EHASTR TU FALAC.
  2355 | D:3      | 2355 ||| READING scroll labelled NEQEIPR FAOCW.
  2355 | D:3      | 2355 ||| IDENTIFYING coppery potion
  2356 | D:3      | 2356 ||| READING scroll labelled AKHEVI WAIM.
  2356 | D:3      | 2356 ||| ENCHANTING +1 pair of boots.
  2357 | D:3      | 2357 ||| DRINKING 2 cyan potions.
  2358 | D:3      | 2358 ||| DRINKING 2 bubbling orange potions.
  2359 | D:3      | 2359 ||| DRINKING 2 viscous brown potions.
  2511 | D:4      | HP: 5/29 [iguana (8)]
  2512 | D:4      | 2512 ||| DRINKING potion of heal wounds.
  2517 | D:4      | HP: 7/29 [poisoned by a scorpion]
  2517 | D:4      | Slain by an iguana

Levels and vault maps discovered:
D:1:      wander_arrival_estate, layout_loops_corners,
          corexii_item_surrounded_by_moat, st_stairs_8, minmay_misc_feat_chi
D:2:      layout_loops_ring
D:3:      minmay_angry_zag, layout_basic, lemuel_doored_altar,
          nicolae_ru_awakened_eye, serial_shops,
          nicolae_shop_bloodbath_and_beyond, minmay_box_of_dots, uniq_terence
D:4:      lemuel_castle_with_subvaults [lemuel_castle_interior_original],
          layout_loops_cross, zin_treasury, uniq_sigmund

Skill      XL: |  1  2  3  4 |
---------------+-------------+-----
Ranged Weapons | 6 7 8 |  8.7
Fighting       | |  1.5
Dodging        | |  2.4
Stealth        | |  1.2

Action                     |  1- 3 |  4- 6 || total
---------------------------+-------+-------++-------
   Fire: Shortbow          |   121 |    97 ||   218
    Use: Scroll            |     3 |     3 ||     6
         Potion            |       |     4 ||     4
 Armour: Ring mail         |    31 |    57 ||    88
         Leather armour    |     3 |       ||     3
  Dodge: Dodged            |    45 |    48 ||    93

Table legend:
 A = Non-vault XP
 B = Vault XP
 C = Vault XP percentage of total XP
 D = Non-vault monster count
 E = Vault monster count
 F = Vault count percentage of total count
                 A         B        C        D         E       F
            +---------+---------+-------+---------+---------+-------
      Total |     134 |     108 |  44.6 |      58 |      12 |  17.1
            +---------+---------+-------+---------+---------+-------
        D:1 |      31 |       4 |  11.4 |      19 |       2 |   9.5
        D:2 |      60 |       0 |   0.0 |      23 |       0 |   0.0
        D:3 |      25 |      82 |  76.6 |       8 |       6 |  42.9
        D:4 |      18 |      22 |  55.0 |       8 |       4 |  33.3
            +---------+---------+-------+---------+---------+-------
